 Dungeon Crawl Stone Soup version bcrawl-1.37 (webtiles) character file.

Game seed: 1161315377720534273

370472 crabbyslav the Cleaver (level 10, -28/88 HPs)
             Began as a Centaur Fighter on Sept 28, 2022.
             Was a High Priest of Okawaru.
             Killed from afar by a storm dragon (33 damage)
             ... with a bolt of lightning
             ... on level 9 of the Dungeon.
             The game lasted 00:09:59 (7839 turns).

crabbyslav the Cleaver (Centaur Fighter)            Turns: 7839, Time: 00:10:00

Health: -28/88     AC: 15    Str: 24    XL:     10   Next: 73%
Magic:  13/15      EV:  8    Int:  8    God:    Okawaru [*****.]
Gold:   421        SH: 12    Dex:  9    Spells: 9/9 levels left

rFire    + . .     GDR:     32% E - +5 hand axe "Makhlof" {freeze, rF+ rN+}
rCold    + . .     SeeInvis .   c - +0 medium shield
rNeg     + . .     Gourm    .   b - +0 scale mail
rPois    .         Faith    .   g - +2 helmet
rElec    .         Spirit   .   o - +0 cloak
rCorr    +         Reflect  .   w - +0 pair of gloves
MR       .....                  (no barding)
Stlth    +.........             (no amulet)
HPRegen  0.24/turn              f - ring of protection from cold
MPRegen  0.14/turn              r - ring of resist corrosion

@: lethally poisoned (-28 -> -29), heroism, starving, studying Transmutations,
very quick
A: large, hooves 3, deformed body, herbivore, speed 2, tough skin 3
a: Heroism, Finesse, Renounce Religion


You were on level 9 of the Dungeon.
You worshipped Okawaru.
Okawaru was extremely pleased with you.
You were starving.

You visited 2 branches of the dungeon, and saw 10 of its levels.
You also visited: Ossuary.

You collected 421 gold pieces.

Inventory:

Hand Weapons
 a - a +1 war axe
 E - the +5 hand axe "Makhlof" (weapon) {freeze, rF+ rN+}
   (You found it on level 7 of the Dungeon)

   It has been specially enchanted to freeze those struck by it, increasing
   damage dealt by approximately one third against foes not resistant or
   susceptible to cold, and potentially slowing cold-blooded foes.
   It protects you from fire.
   It protects you from negative energy.
 F - a +2 war axe of chopping
Armour
 b - a +0 scale mail (worn)
 c - a +0 medium shield (worn)
 g - a +2 helmet (worn)
 o - a +0 cloak (worn)
 w - a +0 pair of gloves (worn)
Jewellery
 d - an uncursed ring of protection from fire {unknown}
 f - a ring of protection from cold (left hand)
 r - a ring of resist corrosion (right hand)
Wands
 x - a wand of polymorph (8)
 y - a wand of flame (11)
 B - a wand of paralysis (9)
Scrolls
 i - 7 scrolls of identify
 q - a scroll of enchant weapon
 s - 2 scrolls of remove curse
 u - 6 scrolls of teleportation
 C - a scroll of fear
 G - a scroll of fog
 H - a scroll of vulnerability
Potions
 h - 4 potions of flight {unknown}
 j - 4 potions of haste {unknown}
 k - 2 potions of agility {unknown}
 l - a potion of lignification {unknown}
 m - 2 potions of invisibility {unknown}
 n - 4 potions of brilliance {unknown}
 p - 4 potions of mutation {unknown}
 t - 4 potions of curing {unknown}
 v - a potion of degeneration {unknown}
 z - a potion of heal wounds {unknown}
 A - 2 potions of magic {unknown}
 D - 2 potions of berserk rage {unknown}
Comestibles
 e - 3 rations {!d}


   Skills:
 + Level 8.3(13.3) Fighting
 * Level 10.9(15.9) Axes
 + Level 6.9(11.9) Armour
 + Level 5.3(10.3) Shields
 + Level 6.7 Invocations


You had 9 spell levels left.
You didn't know any spells.
Your spell library contained the following spells:

 Spells                   Type           Power        Failure   Level  Hunger
 Shock                    Conj/Air       #....        94%         1    None
 Poisonous Vapours        Pois/Air       #.....       98%         2    ####...
 Conjure Flame            Conj/Fire      #.......     100%        3    #####..
 Mephitic Cloud           Conj/Pois/Air  #.......     100%        3    #####..
 Recall                   Summ/Tloc      N/A          100%        3    #####..
 Lightning Bolt           Conj/Air       #.........   100%        5    #######
 Deflect Missiles         Chrm/Air       #.........   100%        6    #######
 Freezing Cloud           Ice/Air        #.........   100%        6    #######
 Steam Barrier            Chrm/Fire      #.........   100%        6    #######


Dungeon Overview and Level Annotations

Branches:
Dungeon (9/12)             Temple (1/1) D:5            Lair (0/6) D:7
    Orc (0/1) D:8

Altars:
Ashenzari
Cheibriados
Dithmenos
Elyvilon
Fedhas
Gozag
Hepliaklqana
Kikubaaqudgha
Lugonu
Makhleb
Nemelex Xobeh
Okawaru
Qazlal
Ru
Sif Muna
Trog
Uskayaw
Vehumet
Wu Jian
Xom
Yredelemnul
Zin
The Shining One

Shops:
D:8 =%*


Innate Abilities, Weirdness & Mutations

You have hooves in place of feet.
Armour fits poorly on your strangely shaped body.
You are a herbivore.
You cover ground very quickly.
You have extremely tough skin. (AC +3)


Message History

The storm dragon claws you.
* * * LOW HITPOINT WARNING * * *
The storm dragon tramples you.
* * * LOW HITPOINT WARNING * * *
You stumble backwards!
Okay, then.
You hit the hungry ghost. Your kick misses the hungry ghost.
The hungry ghost is almost destroyed.
You hit the storm dragon. The hungry ghost hits you.
You are starving!
The orc warrior barely misses you.
You slash the storm dragon! You freeze the storm dragon.
You kick the storm dragon, but do no damage.
The storm dragon is moderately wounded.
You hit the hungry ghost.
You destroy the hungry ghost!
Okawaru accepts your kill.
The storm dragon breathes lightning at you.
The bolt of lightning hits you!!
You die...

#+ #.. #. ######(####
#. ##.........#
######### ...........#
#........ #.........#
#........ #.........#
###........
#.........###..........
#.....@Do.##..#......<.
#.......o)†..##........
#......o†.#####(.......
#######..## ###.#####
#...## #...# #).##
###.# #..).....# .#
#....%...# # #........#


You could see a storm dragon, an orc warrior and 2 orcs.

Vanquished Creatures
  A death yak (D:8)
  A troll (D:8)
  A hippogriff (D:7)
  A spriggan (D:7)
  2 hungry ghosts
  A water moccasin (D:7)
  2 orc warriors (D:8)
  A black bear (D:8)
  An ice beast (D:7)
  4 sky beasts
  A phantom (D:6)
  4 ogres
  8 bullfrogs
  5 kobold brigands
  2 gnoll sergeants (D:8)
  2 water moccasin zombies (Ossuary)
  4 centaurs
  3 scorpions
  3 killer bees (D:8)
  7 howler monkeys (D:8)
  5 wights
  7 orc priests
  8 crimson imps
  2 bullfrog zombies (D:6)
  A quasit (D:5)
  4 jellies
  4 hounds
  3 bullfrog skeletons
  8 orc wizards
  Jessica (D:2)
  3 iguanas
  8 worker ants
  A hound skeleton (D:6)
  2 mummies (Ossuary)
  16 gnolls
  6 adders
  2 shadow imps (D:7)
  An ooze (D:6)
  8 adder zombies
  2 adder skeletons
  3 worms
  3 dart slugs (D:1)
  5 leopard geckos
  36 orcs
  4 giant cockroaches
  2 gnoll zombies (Ossuary)
  6 goblins
  12 hobgoblins
  6 jackals
  5 kobolds
  4 quokkas
  6 bats
  3 frilled lizards
  6 hobgoblin zombies (Ossuary)
  A jackal skeleton (D:6)
  5 kobold zombies (Ossuary)
  4 orc zombies (Ossuary)
  A quokka zombie (D:5)
  A rat (D:2)
259 creatures vanquished.

Notes
Turn   | Place    | Note
-------+----------+-------------------------------------------
     0 | D:1      | crabbyslav the Centaur Fighter began the quest for the Orb.
     0 | D:1      | Reached XP level 1. HP: 19/19 MP: 1/1
   233 | D:1      | Reached XP level 2. HP: 22/26 MP: 2/2
   863 | D:2      | Reached skill level 3 in Axes
   983 | D:2      | Noticed an orc priest
   995 | D:2      | Killed an orc priest
   996 | D:2      | Reached XP level 3. HP: 10/33 MP: 3/3
  1143 | D:2      | Noticed Jessica
  1147 | D:2      | Killed Jessica
  1148 | D:2      | Reached XP level 4. HP: 38/40 MP: 4/4
  1194 | D:2      | Reached skill level 4 in Axes
  1199 | D:2      | Found a faded altar of an unknown god.
  1871 | D:3      | Found a sacrificial altar of Ru.
  1877 | D:3      | Found a glowing silver altar of Zin.
  1883 | D:3      | Reached XP level 5. HP: 41/46 MP: 5/5
  1895 | D:3      | Found an iron altar of Okawaru.
  1939 | D:3      | Became a worshipper of Warmaster Okawaru
  2591 | D:4      | Reached skill level 1 in Invocations
  2598 | D:4      | Reached skill level 5 in Axes
  2598 | D:4      | Reached XP level 6. HP: 24/53 MP: 6/6
  2803 | D:4      | Reached * piety under Okawaru
  2939 | D:4      | Reached skill level 5 in Fighting
  2939 | D:4      | Reached XP level 7. HP: 61/61 MP: 8/8
  3130 | D:5      | Entered Level 5 of the Dungeon
  3213 | D:5      | Reached skill level 6 in Axes
  3736 | D:5      | Found a staircase to the Ecumenical Temple.
  3767 | D:5      | Reached ** piety under Okawaru
  3768 | D:5      | Reached XP level 8. HP: 69/69 MP: 10/10
  3781 | Temple   | Entered the Ecumenical Temple
  4195 | D:6      | Reached skill level 7 in Axes
  4662 | D:6      | Reached skill level 5 in Armour
  4880 | D:6      | Reached skill level 8 in Axes
  4988 | D:6      | Found a shimmering blue altar of Sif Muna.
  5313 | D:7      | Noticed a troll
  5315 | D:7      | a troll changed into a spriggan
  5324 | D:7      | Reached *** piety under Okawaru
  5325 | D:7      | Reached XP level 9. HP: 58/78 MP: 12/12
  5457 | D:7      | Noticed a death yak
  5464 | D:7      | Noticed a death yak
  5464 | D:7      | Noticed a death yak
  5467 | D:7      | Noticed a death yak
  5795 | D:7      | Found a staircase to the Lair.
  5830 | D:7      | Got an ichor-stained hand axe
  5831 | D:7      | Identified the +5 hand axe "Makhlof" {freeze, rF+ rN+} (You
                  | found it on level 7 of the Dungeon)
  5899 | D:7      | Reached skill level 9 in Axes
  5899 | D:7      | Reached skill level 5 in Invocations
  5906 | D:7      | Reached **** piety under Okawaru
  6010 | D:7      | Noticed a death yak
  6011 | D:7      | Noticed a death yak
  6033 | D:8      | Found a sand-covered staircase.
  6039 | Ossuary  | Entered an ossuary
  6560 | D:8      | Found Harghyci's Jewellery Shop.
  6568 | D:8      | Reached XP level 10. HP: 86/86 MP: 14/14
  6739 | D:8      | Found Bucosiw's Assorted Antiques.
  6792 | D:8      | Reached skill level 10 in Axes
  7172 | D:8      | Identified the Reference Book on Quantum Lightness
  7175 | D:8      | Found a glowing golden altar of the Shining One.
  7230 | D:8      | Found a staircase to the Orcish Mines.
  7237 | D:8      | Reached ***** piety under Okawaru
  7332 | D:8      | Reached skill level 5 in Shields
  7399 | D:8      | Found Durrinew's Food Shop.
  7636 | D:8      | Killed a death yak
  7636 | D:8      | Received a gift from Okawaru
  7741 | D:9      | Found a shimmering altar of Xom.
  7812 | D:9      | Noticed a four-headed hydra
  7830 | D:9      | Noticed a storm dragon
  7830 | D:9      | a four-headed hydra changed into a storm dragon
  7839 | D:9      | Killed from afar by a storm dragon

Skill      XL: |  1  2  3  4  5  6  7  8  9 10 |
---------------+-------------------------------+-----
Axes           | 3 4 5 6 8 9 10 | 10.9
Armour         | 3 4 5 6 |  6.9
Fighting       | 4 5 6 7 8 |  8.3
Invocations    | 1 2 3 4 5 6 |  6.7
Shields        | 3 4 5 |  5.3

Action                   |  1- 3 |  4- 6 |  7- 9 | 10-12 || total
-------------------------+-------+-------+-------+-------++-------
Melee: War axe           |    67 |   144 |   278 |       ||   489
       Kick              |    11 |    29 |    93 |    48 ||   181
       Hand axe          |       |       |   158 |   169 ||   327
Invok: Heroism           |       |       |     1 |     1 ||     2
Evoke: Wand              |       |       |     8 |     4 ||    12
  Use: Scroll            |       |     5 |     4 |     1 ||    10
       Potion            |       |       |     1 |       ||     1
  Eat: Ration            |       |     3 |     6 |     2 ||    11
Armor: Scale mail        |    32 |    56 |   257 |    73 ||   418
Dodge: Dodged            |    13 |    30 |    66 |    20 ||   129
Block: Medium shield     |    31 |    55 |   201 |    84 ||   371
